AoeStats
← 恆浪蕩

MegaRandom

509302793Analyzed
4v4 RM · 5d ago on Sep 26, 2026· 23m 33s· 8 players
Game mode
Random Map
Map size
Large (8 player)
Population
200
Speed
Normal
Resources
Standard
Victory
Conquest
Starting age
Dark Age
Ending age
Imperial Age
RankedLock teamsTeams togetherTeam positionsShared explorationLock speedFull tech treeHidden civsTurbo modeCheats
Victory
Defeat
🇹🇼 Italians · Taiwan
1685
+13
🇦🇷 Bohemians · Argentina
1649
+14
🇹🇼 Shu · Taiwan
1586
+17
🇹🇼 Malians · Taiwan
1575
+17
🇫🇮 Georgians · Finland
1661
-17
🇨🇳 Aztecs · China
1620
-16
🇦🇺 Bengalis · Australia
1608
-15
🇲🇴 Celts · Macao SAR China
1539
-13
yesila
6:46 Loom
9:08 Feudal Age
9:48 Double-Bit Axe
14:55 Fletching
20:26 Padded Archer Armor
24:45 Castle Age
23:22 Gold Mining
Kaarlos
6:17 Loom
8:47 Feudal Age
9:33 Double-Bit Axe
10:06 Horse Collar
14:57 Scale Barding Armor
17:56 Forging
19:54 Bloodlines
ResonanceFreq
7:07 Loom
9:09 Feudal Age
9:46 Double-Bit Axe
10:26 Horse Collar
16:52 Wheelbarrow
16:56 Scale Barding Armor
20:54 Castle Age
19:14 Gold Mining
20:03 Forging
20:05 Bloodlines
21:54 Bow Saw
21:45 Heavy Plow
21:47 Husbandry
22:08 Chain Barding Armor
屁屁人
7:37 Loom
9:41 Feudal Age
9:54 Man-at-Arms
20:58 Double-Bit Axe
恆浪蕩
5:47 Loom
8:54 Feudal Age
9:28 Double-Bit Axe
12:09 Scale Barding Armor
15:42 Forging
Kevin10_7414
6:28 Loom
8:50 Feudal Age
9:34 Double-Bit Axe
10:26 Horse Collar
15:19 Scale Barding Armor
18:59 Forging
20:57 Bloodlines
25:52 Castle Age
默默默默默
6:43 Loom
9:23 Feudal Age
10:13 Double-Bit Axe
16:59 Wheelbarrow
18:16 Fletching
21:24 Padded Archer Armor
25:10 Castle Age
friend00792
6:59 Loom
7:28 Loom
9:42 Feudal Age
10:32 Double-Bit Axe
13:22 Fletching
19:55 Padded Archer Armor
25:30 Castle Age
Connection lost

Rejoining the realm…

Still unreachable

The connection could not be restored.

Session expired

The server has moved on; the page needs a fresh start.